[Event "Titled Tuesday Blitz August 24 2021"]
[White "Goryachkina, Aleksandra"]
[Black "Bok, Benjamin"]
[WhiteFideId "4147103"]
[BlackFideId "1017063"]
[WhiteElo "2441"]
[BlackElo "2658"]
[Result "1/2-1/2"]
[Round "03"]
[TimeControl "180+1"]
[Date "2021.08.24"]
[WhiteClock "0:00:15"]
[BlackClock "0:00:04"]

1. e4 c5 2. Nf3 d6 3. Bb5+ Nd7 4. Ba4 Nf6 5. O-O a6 6. c4 g6 7. Nc3 Bg7 8. d3 O-O 9. a3 Nb6 10. Bc2 Bg4 11. h3 Bxf3 12. Qxf3 Nfd7 13. Rb1 Ne5 14. Qd1 Nc6 15. Bd2 Nd7 16. Ba4 Nd4 17. b4 e6 18. Ne2 Qc7 19. Bxd7 Qxd7 20. bxc5 dxc5 21. Nxd4 Bxd4 22. Rb6 Rfd8 23. Bg5 f6 24. Bf4 Bc3 25. Qb3 Qxd3 26. Rxb7 Qxe4 27. Qxc3 Qxb7 28. Qxf6 Qf7 29. Qg5 Rd4 30. Be5 Rxc4 31. Rd1 Rf8 32. f3 Qf5 33. Qe3 Rc2 34. Rd7 Rf7 35. Rd8+ Rf8 36. Rd7 Rf7 37. Rd8+ Rf8 38. Rd7 1/2-1/2


[Site "https://www.chess.com"]

[Event "Titled Tuesday Blitz August 24 2021"]
[White "Grachev, Boris"]
[Black "Amgalantengis, Enkh-Amgalan"]
[WhiteFideId "4129199"]
[BlackFideId "4903536"]
[WhiteElo "2580"]
[BlackElo "1716"]
[Result "0-1"]
[Round "03"]
[TimeControl "180+1"]
[Date "2021.08.24"]
[WhiteClock "0:00:05"]
[BlackClock "0:01:02"]

1. d4 Nf6 2. Bf4 d5 3. e3 e6 4. Nd2 Bd6 5. Ngf3 c5 6. Bb5+ Nc6 7. c3 O-O 8. Bg3 Qe7 9. Bxc6 bxc6 10. Qa4 Bxg3 11. hxg3 cxd4 12. cxd4 Bd7 13. Qc2 Rfc8 14. Rc1 a5 15. g4 g6 16. g5 Ne8 17. Nb3 Nd6 18. Nc5 Be8 19. O-O Rcb8 20. b3 Nb7 21. Nd3 a4 22. Nde5 axb3 23. axb3 Nd6 24. Ra1 Rxa1 25. Rxa1 Ne4 26. Nxc6 Bxc6 27. Qxc6 Nxg5 28. Nxg5 Qxg5 29. Ra8 Rxa8 30. Qxa8+ Kg7 31. Qb8 Qg4 32. g3 h5 33. b4 h4 34. b5 h3 35. Qe5+ Kg8 36. Qb8+ Kg7 37. Kh2 Qd1 38. Qe5+ Kg8 39. Kxh3 Qf1+ 40. Kh4 Qxb5 41. Kg5 Qe8 42. Qf6 Qf8 43. g4 Qa3 44. Kh6 Qf8+ 45. Kg5 Qd6 46. f4 Qf8 47. Kh4 Qb4 48. Kg5 Qd6 49. f5 gxf5 50. gxf5 Qg3+ 51. Kh5 Qh3+ 52. Qh4 Qxf5+ 53. Qg5+ Qxg5+ 54. Kxg5 Kg7 55. Kg4 f6 56. Kh5 Kh7 57. Kh4 Kh6 58. Kg4 Kg6 59. Kf4 Kh5 60. e4 dxe4 61. Kxe4 Kg4 62. d5 exd5+ 63. Kxd5 f5 64. Kd4 f4 65. Kd3 Kg3 66. Ke2 Kg2 0-1


[Site "https://www.chess.com"]

[Event "Titled Tuesday Blitz August 24 2021"]
[White "Gracia Alvarez, Gerardo Antonio"]
[Black "Karttunen, Mika"]
[WhiteFideId "5109124"]
[BlackFideId "502081"]
[WhiteElo "2148"]
[BlackElo "2343"]
[Result "0-1"]
[Round "03"]
[TimeControl "180+1"]
[Date "2021.08.24"]
[WhiteClock "0:01:15"]
[BlackClock "0:00:35"]

1. e4 e5 2. Nf3 Nf6 3. Nc3 Bc5 4. Bc4 d6 5. O-O O-O 6. h3 c6 7. d3 h6 8. Bb3 Re8 9. Ne2 Nbd7 10. Ng3 Nf8 11. Re1 Ng6 12. c3 d5 13. exd5 cxd5 14. d4 exd4 15. Rxe8+ Qxe8 16. cxd4 Bd6 17. Nf1 Bf5 18. Ne3 Be4 19. Nd2 Nf4 20. Nxe4 dxe4 21. Bd2 Nd3 22. Nf5 Bf8 23. d5 Qe5 24. Ne3 Bd6 25. g3 Nxf2 26. Kxf2 Qxg3+ 27. Ke2 Qf3+ 0-1


[Site "https://www.chess.com"]

[Event "Titled Tuesday Blitz August 24 2021"]
[White "Grunberg, Mihai-Lucian"]
[Black "Batsuren, Dambasuren"]
[WhiteFideId "1204149"]
[BlackFideId "4902920"]
[WhiteElo "2364"]
[BlackElo "2371"]
[Result "0-1"]
[Round "03"]
[TimeControl "180+1"]
[Date "2021.08.24"]
[WhiteClock "0:00:03"]
[BlackClock "0:00:26"]

1. Nf3 Nf6 2. c4 g6 3. g3 Bg7 4. Bg2 O-O 5. O-O c5 6. d4 cxd4 7. Nxd4 Nc6 8. Nc3 Nxd4 9. Qxd4 d6 10. Rd1 Be6 11. Qd3 Nd7 12. b3 Nc5 13. Qc2 Bf5 14. Qd2 a5 15. Bb2 a4 16. e4 a3 17. exf5 axb2 18. Qxb2 gxf5 19. Rac1 e6 20. Qc2 Qb6 21. Rd2 Qb4 22. Nb5 d5 23. cxd5 Ne4 24. Bxe4 fxe4 25. Nc7 Rad8 26. Rcd1 Be5 27. Kg2 Qb6 28. Rc1 Rc8 29. d6 Bxd6 30. Qxe4 Rxc7 31. Qg4+ Kh8 32. Rxc7 Qxc7 0-1


[Site "https://www.chess.com"]

[Event "Titled Tuesday Blitz August 24 2021"]
[White "Hjartarson, Johann"]
[Black "Lashkin, Jegor"]
[WhiteFideId "2300044"]
[BlackFideId "13907808"]
[WhiteElo "2502"]
[BlackElo "2293"]
[Result "1/2-1/2"]
[Round "03"]
[TimeControl "180+1"]
[Date "2021.08.24"]
[WhiteClock "0:00:07"]
[BlackClock "0:00:04"]

1. c4 e5 2. Nc3 Nf6 3. Nf3 Nc6 4. d4 exd4 5. Nxd4 Bb4 6. Bg5 d5 7. cxd5 Qxd5 8. Bxf6 gxf6 9. Nxc6 Qxc6 10. Rc1 Be6 11. a3 Be7 12. e3 O-O 13. Qc2 Rad8 14. Bd3 Qxg2 15. Bxh7+ Kh8 16. Be4 Qh3 17. Ne2 c6 18. Nf4 Qh4 19. Bf5 Bd5 20. Rg1 Rg8 21. Ke2 Bd6 22. Rg3 Rxg3 23. hxg3 Qh2 24. Nxd5 cxd5 25. Kf3 Kg7 26. Qa4 Qh5+ 27. Qg4+ Qxg4+ 28. Kxg4 Be5 29. Rc2 Kf8 30. b3 Bd6 31. a4 a5 32. Rc8 Rxc8 33. Bxc8 b6 34. Bb7 d4 35. exd4 Ke7 36. Bd5 Bb4 37. Kf3 Bc3 38. Ke3 Bb2 39. Kd3 Ba3 40. f3 Bb2 41. Ke4 Ba1 1/2-1/2


[Site "https://www.chess.com"]

[Event "Titled Tuesday Blitz August 24 2021"]
[White "Ibadov, Dashgyn"]
[Black "Molina, Roberto Junio Brito"]
[WhiteFideId "24107514"]
[BlackFideId "2109450"]
[WhiteElo "2102"]
[BlackElo "2402"]
[Result "0-1"]
[Round "03"]
[TimeControl "180+1"]
[Date "2021.08.24"]
[WhiteClock "0:00:03"]
[BlackClock "0:00:16"]

1. e4 c6 2. d4 d5 3. Nc3 dxe4 4. Nxe4 Nd7 5. Nf3 Ngf6 6. Bd3 Nxe4 7. Bxe4 Nf6 8. Bd3 Bg4 9. c3 e6 10. O-O Bd6 11. h3 Bh5 12. Re1 O-O 13. g4 Bg6 14. Bf1 Qc7 15. Ne5 Rad8 16. Qf3 c5 17. Be3 Nd5 18. Nxg6 hxg6 19. dxc5 Bxc5 20. Bxc5 Qxc5 21. Bg2 b5 22. Rad1 Nf6 23. Qc6 Qxc6 24. Bxc6 a6 25. f4 Rb8 26. Rd4 Rfc8 27. Bf3 Rd8 28. Red1 Rxd4 29. Rxd4 Kf8 30. Kf2 Ke7 31. Bc6 Rb6 32. Bf3 Ne8 33. b3 Nd6 34. Ke3 Rb8 35. Be2 Rc8 36. c4 bxc4 37. Bxc4 a5 38. Be2 Rc5 39. Kd2 e5 40. fxe5 Rxe5 41. b4 axb4 42. Rxb4 Ra5 43. a4 f5 44. Bb5 Kf6 45. Ke3 Ke5 46. Kf3 Ne4 47. Rb2 Ng5+ 48. Kg3 f4+ 49. Kg2 Ne4 50. Kf3 Nc3 51. Rc2 Nxa4 52. Bxa4 Rxa4 53. Rc5+ Kf6 54. g5+ Ke6 55. h4 Kf7 56. Kg4 f3+ 57. Kxf3 Rxh4 58. Kg3 Re4 59. Kf3 Rd4 60. Ke3 Ra4 61. Kf3 Ke6 62. Kg3 Re4 63. Rb5 Re5 64. Rb7 Rxg5+ 65. Kf4 Rf5+ 66. Kg4 Kf6 67. Rb6+ Kf7 68. Rb8 Re5 69. Rb7+ Kg8 70. Rb6 Kh7 71. Ra6 Kh6 72. Rb6 Re4+ 73. Kf3 Ra4 74. Kg3 Kh5 75. Rb5+ g5 76. Rb7 Ra3+ 77. Kg2 g6 78. Rb4 g4 79. Kh2 Kh4 80. Rb7 Ra2+ 81. Kg1 Kh3 82. Rb3+ g3 83. Rb1 Kg4 84. Rb4+ Kg5 85. Rb5+ Kh4 86. Rb4+ Kh5 87. Rc4 g5 88. Rd4 Rf2 89. Rc4 Rf4 90. Rc3 Kg4 91. Kg2 Rf2+ 92. Kg1 Rf3 93. Rc4+ Kh3 94. Rc1 g2 95. Rb1 Rf1+ 96. Rxf1 gxf1=Q+ 97. Kxf1 Kh2 0-1


[Site "https://www.chess.com"]

[Event "Titled Tuesday Blitz August 24 2021"]
[White "Ibarra Jerez, Jose Carlos"]
[Black "Kim, Sergey"]
[WhiteFideId "2226332"]
[BlackFideId "13700570"]
[WhiteElo "2602"]
[BlackElo "2473"]
[Result "1-0"]
[Round "03"]
[TimeControl "180+1"]
[Date "2021.08.24"]
[WhiteClock "0:00:50"]
[BlackClock "0:00:09"]

1. e4 e5 2. Nf3 Nc6 3. d4 exd4 4. Nxd4 Bc5 5. Nb3 Bb6 6. Qe2 d6 7. Nc3 Nf6 8. Be3 Be6 9. O-O-O Qe7 10. g3 O-O-O 11. Bg2 Rhe8 12. Bxb6 axb6 13. Rhe1 Kb8 14. h3 Qd7 15. g4 g5 16. Qf3 Qe7 17. Nd4 Nxd4 18. Rxd4 Nd7 19. Nb5 Nc5 20. Qa3 Na6 21. Ra4 Bd7 22. Bf1 Qe5 23. Rxa6 bxa6 24. Qxa6 Bxb5 25. Bxb5 Qf4+ 26. Kb1 Rxe4 27. Rc1 Rde8 28. Bc6 1-0


[Site "https://www.chess.com"]

[Event "Titled Tuesday Blitz August 24 2021"]
[White "Idani, Pouya"]
[Black "Sarkar, Justin"]
[WhiteFideId "12510130"]
[BlackFideId "2010011"]
[WhiteElo "2610"]
[BlackElo "2094"]
[Result "1-0"]
[Round "03"]
[TimeControl "180+1"]
[Date "2021.08.24"]
[WhiteClock "0:00:55"]
[BlackClock "0:00:01"]

1. e4 Nc6 2. Nf3 f5 3. exf5 d5 4. Bb5 Bxf5 5. O-O Qd6 6. d4 Nf6 7. Ne5 Nd7 8. Bxc6 bxc6 9. Bf4 Nxe5 10. Bxe5 Qd7 11. c4 dxc4 12. Nd2 Bd3 13. Re1 e6 14. Rc1 Bb4 15. Re3 Bxd2 16. Qxd2 O-O 17. Rg3 Rf7 18. b3 Qd5 19. Qc3 Bg6 20. bxc4 Qe4 21. Re1 Qc2 22. Qxc2 Bxc2 23. Rc3 Bf5 24. Ra3 Rb8 25. Rxa7 h5 26. Rxc7 1-0


[Site "https://www.chess.com"]

[Event "Titled Tuesday Blitz August 24 2021"]
[White "Ivanchuk, Vasyl"]
[Black "Aggelis, Nikolaos"]
[WhiteFideId "14100010"]
[BlackFideId "4213220"]
[WhiteElo "2710"]
[BlackElo "2154"]
[Result "1-0"]
[Round "03"]
[TimeControl "180+1"]
[Date "2021.08.24"]
[WhiteClock "0:00:15"]
[BlackClock "0:00:01"]

1. e4 e5 2. Nf3 Nc6 3. Bb5 a6 4. Ba4 Nf6 5. O-O Be7 6. Re1 b5 7. Bb3 O-O 8. h3 d5 9. exd5 Nxd5 10. Nxe5 Nxe5 11. Rxe5 Nb6 12. d3 c5 13. c3 Bd6 14. Re1 Bc7 15. Be3 Qd6 16. g3 Bb7 17. Nd2 Qc6 18. Ne4 c4 19. Bxb6 Bxb6 20. dxc4 bxc4 21. Ba4 Qg6 22. Qg4 Qxg4 23. hxg4 Bxe4 24. Rxe4 Rfc8 25. Rd1 Ra7 26. Rd6 Rb7 27. Bc6 Rbb8 28. Bd5 Kf8 29. Rd7 Rc7 30. Ree7 Rxd7 31. Rxd7 f6 32. Rf7+ Ke8 33. Rxg7 Bc5 34. b4 cxb3 35. Bxb3 h6 36. Rg6 Be7 37. Rxh6 Kd7 38. Rh5 Rc8 39. Ra5 Rxc3 40. Rxa6 Rd3 41. Kg2 Rd2 42. Ra5 Kc6 43. Rf5 Rb2 44. Bf7 Kd6 45. a4 Kd7 46. a5 Kc6 47. Bd5+ Kc5 48. Bb7+ Kb4 49. a6 Ra2 50. Rf4+ Kb5 51. Re4 Bc5 52. Rf4 Be7 53. Rf5+ Kb6 54. Kh3 Ka7 55. Kh4 Ra4 56. Kh5 Ra2 57. Kg6 Ra4 58. f4 Ra3 59. Kf7 Bd8 60. Ke8 Bc7 61. Rxf6 Rxg3 62. g5 Rf3 63. f5 Be5 64. Rf7 Re3 65. Kd7 Kb6 66. g6 Rd3+ 67. Ke6 Re3 68. f6 Bc3+ 69. Kf5 Rf3+ 70. Kg5 Rg3+ 71. Kh6 Bd2+ 72. Kh7 Bc3 73. g7 Rh3+ 74. Kg8 1-0


[Site "https://www.chess.com"]

[Event "Titled Tuesday Blitz August 24 2021"]
[White "Ivanisevic, Ivan"]
[Black "Farahat, Ali"]
[WhiteFideId "912417"]
[BlackFideId "10600507"]
[WhiteElo "2499"]
[BlackElo "2321"]
[Result "0-1"]
[Round "03"]
[TimeControl "180+1"]
[Date "2021.08.24"]
[WhiteClock "0:00:10"]
[BlackClock "0:00:34"]

1. d4 d5 2. c4 c6 3. Nf3 Nf6 4. g3 e6 5. Bg2 Nbd7 6. O-O dxc4 7. a4 Be7 8. Qc2 O-O 9. Qxc4 a5 10. Nc3 Nb6 11. Qb3 Nbd5 12. Rd1 b6 13. Ne5 Bb7 14. e4 Nb4 15. Be3 Qc7 16. f4 Rad8 17. Rac1 Qb8 18. Bf2 Qa8 19. Nc4 Nd7 20. e5 Rb8 21. Ne4 c5 22. Re1 Bd5 23. Qd1 Rfd8 24. b3 cxd4 25. Bxd4 Nc5 26. Nf6+ Bxf6 27. exf6 Bxg2 28. Qg4 g6 29. Qh4 Bh3 30. Qxh3 h5 31. Bxc5 bxc5 32. Rcd1 Qf3 33. Rxd8+ Rxd8 34. Qg2 Qxb3 35. Ne5 Qc3 36. Qf1 Nc2 37. Rd1 Nd4 38. Kg2 Qc2+ 39. Kh3 Qf5+ 40. Kg2 Qxf6 41. Qc4 Qf5 42. Qxc5 Qe4+ 43. Kh3 Kg7 44. Qe7 Qf5+ 45. Kg2 Nc6 0-1


[Site "https://www.chess.com"]

[Event "Titled Tuesday Blitz August 24 2021"]
[White "Jacobson, Aaron"]
[Black "Sjugirov, Sanan"]
[WhiteFideId "2089912"]
[BlackFideId "4189302"]
[WhiteElo "2265"]
[BlackElo "2472"]
[Result "1/2-1/2"]
[Round "03"]
[TimeControl "180+1"]
[Date "2021.08.24"]
[WhiteClock "0:00:07"]
[BlackClock "0:00:06"]

1. e4 c5 2. Nf3 Nf6 3. Nc3 d6 4. d4 cxd4 5. Nxd4 a6 6. Bg5 Nc6 7. Qd2 Bd7 8. O-O-O e6 9. f4 Be7 10. Nf3 b5 11. a3 h6 12. Bh4 b4 13. axb4 Nxb4 14. Kb1 Rb8 15. e5 dxe5 16. fxe5 Nfd5 17. Bxe7 Qxe7 18. Ne4 O-O 19. c4 Ba4 20. Rc1 Rfc8 21. Nd6 Rc5 22. Nd4 Nc7 23. Qe3 Qg5 24. Qxg5 hxg5 25. Re1 Ne8 26. h4 Nxd6 27. exd6 g4 28. Be2 Rd8 29. b3 Rxd6 30. Rd1 e5 31. Nf5 Rxd1+ 32. Bxd1 Bd7 33. Bxg4 g6 34. Nh6+ Kg7 35. Bxd7 Kxh6 36. g4 Kg7 37. g5 a5 38. h5 gxh5 39. Bf5 Nc6 40. Rxh5 Nd4 41. Bc2 Nxc2 42. Kxc2 a4 43. Rh2 axb3+ 44. Kxb3 e4 45. Rg2 Re5 46. Kc3 Kg6 47. Kd4 Re8 48. Re2 Kxg5 49. Rxe4 Rd8+ 50. Ke3 f5 51. Re7 Ra8 52. c5 Ra3+ 53. Kf2 Ra2+ 54. Re2 Rxe2+ 55. Kxe2 Kf6 56. Ke3 Ke6 57. Kf4 Kd5 58. c6 Kxc6 59. Ke5 Kd7 60. Kd5 Kc7 61. Ke5 Kd7 62. Kxf5 1/2-1/2


[Site "https://www.chess.com"]

[Event "Titled Tuesday Blitz August 24 2021"]
[White "Jin, Ashton"]
[Black "Holt, Conrad"]
[WhiteFideId "30931908"]
[BlackFideId "2034387"]
[WhiteElo "2474"]
[BlackElo "2586"]
[Result "0-1"]
[Round "03"]
[TimeControl "180+1"]
[Date "2021.08.24"]
[WhiteClock "0:00:15"]
[BlackClock "0:00:41"]

1. e4 e6 2. d4 d5 3. e5 c5 4. c3 Nc6 5. Nf3 Bd7 6. Be2 f6 7. exf6 Nxf6 8. O-O Bd6 9. dxc5 Bxc5 10. b4 Bd6 11. a3 Qc7 12. Nbd2 Ne5 13. Bb2 O-O 14. Nxe5 Bxe5 15. Nf3 Bf4 16. g3 Bd6 17. Rc1 b5 18. Nd4 a6 19. Bf3 e5 20. Nb3 Be6 21. Qd2 Rad8 22. Bg2 Kh8 23. Ra1 Qf7 24. Na5 Rc8 25. a4 Bd7 26. axb5 Bxb5 27. Rfd1 Ne4 28. Qxd5 Qxf2+ 29. Kh1 Nxg3+ 30. hxg3 Rf6 31. Bh3 Qxg3 32. Qg2 Qh4 33. c4 Rg6 34. Qf1 Rf8 35. Qxf8+ Bxf8 36. Rd3 Qe4+ 0-1


[Site "https://www.chess.com"]

[Event "Titled Tuesday Blitz August 24 2021"]
[White "Jobava, Baadur"]
[Black "Liyanage, Ranindu Dilshan"]
[WhiteFideId "13601520"]
[BlackFideId "9915834"]
[WhiteElo "2748"]
[BlackElo "1839"]
[Result "1-0"]
[Round "03"]
[TimeControl "180+1"]
[Date "2021.08.24"]
[WhiteClock "0:00:30"]
[BlackClock "0:00:20"]

1. e4 c5 2. c4 Nc6 3. Ne2 g6 4. d4 cxd4 5. Nxd4 Bg7 6. Be3 Nf6 7. Nc3 Nxd4 8. Bxd4 d6 9. Be2 O-O 10. O-O Be6 11. f4 Qc8 12. Rc1 Bg4 13. e5 Bxe2 14. Qxe2 Nd7 15. Nd5 Re8 16. Kh1 e6 17. Nf6+ Nxf6 18. exf6 Bf8 19. Bc3 Qc6 20. b3 Rac8 21. h3 h5 22. Kh2 d5 23. Be5 dxc4 24. Rxc4 Qa6 25. Rfc1 Rxc4 26. Rxc4 Rc8 27. Rxc8 Qxe2 28. Bd6 h4 29. Rxf8+ Kh7 30. Rxf7+ Kh8 31. Rf8+ Kh7 32. Rh8+ Kxh8 33. f7 Qe1 34. f8=Q+ Kh7 35. Qf7+ 1-0


[Site "https://www.chess.com"]

[Event "Titled Tuesday Blitz August 24 2021"]
[White "Johnson, Ben"]
[Black "Iskusnyh, Sergei"]
[WhiteFideId "2010917"]
[BlackFideId "4120027"]
[WhiteElo "2157"]
[BlackElo "2492"]
[Result "0-1"]
[Round "03"]
[TimeControl "180+1"]
[Date "2021.08.24"]
[WhiteClock "0:01:59"]
[BlackClock "0:02:37"]

1. Nf3 d5 2. e3 Nf6 3. c4 c6 4. Nc3 a6 5. d4 e6 6. b3 Bb4 7. Bd2 O-O 8. Bd3 Nbd7 9. O-O Bd6 10. Bc2 e5 11. dxe5 Nxe5 12. cxd5 Nxf3+ 13. Qxf3 Bg4 0-1


[Site "https://www.chess.com"]

[Event "Titled Tuesday Blitz August 24 2021"]
[White "Jumanov, Elbek"]
[Black "Ponikarovsky, Alexey"]
[WhiteFideId "14202905"]
[BlackFideId "4122887"]
[WhiteElo "2067"]
[BlackElo "1944"]
[Result "1/2-1/2"]
[Round "03"]
[TimeControl "180+1"]
[Date "2021.08.24"]
[WhiteClock "0:00:05"]
[BlackClock "0:00:52"]

1. c4 c5 2. Nf3 Nc6 3. Nc3 e5 4. g3 Nf6 5. Bg2 Be7 6. O-O O-O 7. a3 d6 8. Rb1 Bf5 9. d3 Qd7 10. Re1 Bh3 11. Bh1 Rab8 12. b4 cxb4 13. axb4 a6 14. b5 axb5 15. Nxb5 d5 16. cxd5 Nxd5 17. Bb2 f6 18. e4 Nc7 19. Nxc7 Qxc7 20. Qb3+ Kh8 21. d4 exd4 22. Nxd4 Ne5 23. Ne6 Bxe6 24. Qxe6 Bc5 25. Red1 Rbd8 26. Qb3 Ng4 27. Bf3 Nxf2 28. Rxd8 Rxd8 29. Kg2 Nd3 30. Bc3 b6 31. Rd1 Ne5 32. Bxe5 fxe5 33. Qe6 h6 34. Rxd8+ Qxd8 35. Qxe5 Qf8 36. Qf5 Qe7 37. e5 Qf8 38. Qg6 Qe7 39. Be4 Kg8 40. e6 Kf8 41. Qf5+ Qf6 42. Qxf6+ gxf6 43. Bd5 Ke7 44. Kf3 Kd6 45. Bb3 Ke5 46. h3 Kd4 47. Kf4 Be7 48. Kf5 Ke3 49. Kg6 Kf3 50. Kf7 Bd6 51. e7 Bxe7 52. Kxe7 Kxg3 53. Be6 b5 54. Kxf6 h5 55. Ke5 b4 56. Kd4 Kf4 57. Kc4 Ke5 58. Bc8 b3 59. Kxb3 Kf6 60. Kc3 Kg7 61. Kd4 Kh8 62. Ke5 Kh7 63. Kf5 1/2-1/2


[Site "https://www.chess.com"]

[Event "Titled Tuesday Blitz August 24 2021"]
[White "Kadric, Denis"]
[Black "Shtyka, Sergey"]
[WhiteFideId "14403803"]
[BlackFideId "4138465"]
[WhiteElo "2449"]
[BlackElo "2064"]
[Result "1-0"]
[Round "03"]
[TimeControl "180+1"]
[Date "2021.08.24"]
[WhiteClock "0:00:19"]
[BlackClock "0:00:02"]

1. d3 c5 2. g3 Nc6 3. Bg2 g6 4. Nh3 Bg7 5. O-O Nf6 6. Nd2 O-O 7. c3 d5 8. e4 dxe4 9. dxe4 Ne5 10. f4 Nd3 11. e5 Ng4 12. Ne4 c4 13. Nhf2 Qb6 14. h3 Ngxf2 15. Nxf2 Nxb2 16. Qe2 Nd3 17. Be3 Qa6 18. Nxd3 cxd3 19. Qb2 Rb8 20. Rfd1 Be6 21. a4 Bc4 22. a5 Rfd8 23. Qb4 Bf8 24. Qc5 b6 25. axb6 axb6 26. Qc7 Qc8 27. Bxb6 Rd7 28. Qxc8 Rxc8 29. Bd4 e6 30. Ra8 Rxa8 31. Bxa8 Kg7 32. Be4 h5 33. Kf2 h4 34. g4 Be7 35. Ke3 Bd8 36. Bxd3 Bd5 37. Be4 Bxe4 38. Kxe4 Bb6 39. Rd3 Bxd4 40. cxd4 Ra7 41. f5 gxf5+ 42. gxf5 exf5+ 43. Kxf5 Ra1 44. d5 Rf1+ 45. Kg4 Re1 46. d6 f5+ 47. Kxh4 Re4+ 48. Kg5 Rd4 49. Rxd4 1-0


[Site "https://www.chess.com"]

[Event "Titled Tuesday Blitz August 24 2021"]
[White "Kekelidze, Mikheil"]
[Black "Kucuksari, Kaan"]
[WhiteFideId "13600818"]
[BlackFideId "6380166"]
[WhiteElo "2387"]
[BlackElo "2300"]
[Result "1/2-1/2"]
[Round "03"]
[TimeControl "180+1"]
[Date "2021.08.24"]
[WhiteClock "0:00:07"]
[BlackClock "0:00:10"]

1. d4 Nf6 2. c4 e6 3. Nc3 Bb4 4. Nf3 b6 5. Bg5 Bb7 6. Nd2 h6 7. Bh4 Nc6 8. e3 Ne7 9. f3 Ng6 10. Bf2 c5 11. a3 cxd4 12. axb4 dxc3 13. bxc3 O-O 14. Be2 Nh7 15. O-O f5 16. c5 bxc5 17. bxc5 a5 18. Nc4 Nf6 19. Nb6 Ra7 20. Bg3 Bc6 21. Bd6 Re8 22. Bc4 Kh7 23. Qc2 Nd5 24. Bxd5 Bxd5 25. Nxd5 exd5 26. Qxf5 Rxe3 27. Ra4 Qg5 28. Qc2 h5 29. Bf4 Qe7 30. Bxe3 Qxe3+ 31. Kh1 Qxc5 32. Rh4 d4 33. Rxd4 Rc7 34. Qd3 Qxc3 35. Qxc3 Rxc3 36. Rxd7 Ra3 37. Ra7 Ra2 38. g3 Ne5 39. Re7 Nd3 40. Kg1 a4 41. f4 Kg6 42. f5+ Kf6 43. Re6+ Kf7 44. Rd6 Ne5 45. Re6 Ng4 46. h3 Nf6 47. Re3 Rb2 48. Rf2 Rb4 49. Kg2 Rc4 50. Ra2 Nd5 51. Rea3 Rc5 52. Rxa4 Ne3+ 53. Kf3 Nxf5 54. Ra7+ Kg6 55. R2a6+ Kh7 56. Ra3 Nd4+ 57. Ke4 Nb5 58. R7a5 Rc4+ 59. Kd3 Nxa3 60. Rxa3 Rc1 61. Ke4 Rh1 62. h4 Rf1 63. Rf3 Re1+ 64. Kf4 Kh6 65. g4 hxg4 66. Kxg4 Re4+ 67. Kg3 Kh5 68. Rf5+ Kh6 69. Rf4 Rxf4 70. Kxf4 Kh5 71. Kf5 Kxh4 72. Kg6 Kg4 73. Kxg7 1/2-1/2


[Site "https://www.chess.com"]

[Event "Titled Tuesday Blitz August 24 2021"]
[White "Khamdamova, Afruza"]
[Black "Sonis, Francesco"]
[WhiteFideId "14210444"]
[BlackFideId "895733"]
[WhiteElo "1561"]
[BlackElo "2373"]
[Result "0-1"]
[Round "03"]
[TimeControl "180+1"]
[Date "2021.08.24"]
[WhiteClock "0:01:25"]
[BlackClock "0:02:02"]

1. e4 e5 2. Nf3 Nc6 3. Bc4 Bc5 4. c3 Nf6 5. d4 exd4 6. cxd4 Bb4+ 7. Nc3 Nxe4 8. O-O Bxc3 9. d5 Bf6 10. Re1 Ne7 11. Rxe4 d6 12. Bg5 Bxg5 13. Nxg5 h6 14. Qh5 O-O 15. Rae1 Ng6 16. Ne6 fxe6 17. Qxg6 e5 18. f4 Bf5 19. Qg3 Bxe4 20. Rxe4 Rxf4 21. Rxf4 exf4 22. Qxf4 Qf6 23. Qe4 Rf8 24. h3 Qf2+ 25. Kh2 Qf4+ 26. Qxf4 Rxf4 0-1


[Site "https://www.chess.com"]

[Event "Titled Tuesday Blitz August 24 2021"]
[White "Khusnutdinov, Rustam"]
[Black "Kowalczyk, Pawel"]
[WhiteFideId "13701703"]
[BlackFideId "1130641"]
[WhiteElo "2571"]
[BlackElo "2325"]
[Result "0-1"]
[Round "03"]
[TimeControl "180+1"]
[Date "2021.08.24"]
[WhiteClock "0:00:02"]
[BlackClock "0:00:16"]

1. d4 a6 2. e4 b5 3. Bd3 Bb7 4. Qe2 e6 5. Nf3 Nf6 6. O-O c5 7. c3 c4 8. Bc2 d5 9. e5 Nfd7 10. Ng5 Qe7 11. f4 g6 12. Be3 Nc6 13. a3 O-O-O 14. Nd2 Nb6 15. b3 h6 16. Ngf3 Qc7 17. Rfb1 Be7 18. a4 Rdg8 19. axb5 axb5 20. bxc4 bxc4 21. Rb2 Nd7 22. Qd1 Ndb8 23. Qb1 g5 24. f5 g4 25. Ne1 Bg5 26. Nf1 h5 27. Qa2 h4 28. Rab1 Nd8 29. Qa3 h3 30. g3 Nbc6 31. Bxg5 Rxg5 32. Ne3 Rhh5 33. fxe6 fxe6 34. Qf8 Qe7 35. Qf4 Rh8 36. Nxg4 Rhg8 37. Nf6 R8g7 38. Nf3 R5g6 39. Bxg6 Rxg6 40. Qh4 Rg7 41. Qxh3 Qa3 42. Nxd5 Kb8 43. Qh8 Rd7 44. Nb6 Rc7 45. Nxc4 Qxc3 46. Qxd8+ Nxd8 47. Ncd2 Qe3+ 48. Kf1 Kc8 49. Rb3 Ba6+ 50. Kg2 Qe2+ 51. Kg1 Rc2 52. Re1 Qxe1+ 53. Nxe1 Rxd2 54. Nf3 Rd1+ 55. Kf2 Nc6 56. Rb6 Bb7 57. Ng5 Nxd4 58. Nxe6 Nxe6 59. Rxe6 Rd2+ 60. Ke3 Rxh2 61. Re7 Bc6 62. g4 Kd8 63. Rg7 Rh1 64. g5 Bd5 65. Kd4 Rd1+ 66. Kc5 Be6 67. Kc6 Rd5 68. g6 Ke8 69. Rh7 Kf8 70. Ra7 Rxe5 71. Kd6 Re1 72. Rb7 Bc4 73. Rc7 Ba2 74. Ra7 Re2 75. Rb7 Kg8 76. g7 Bf7 77. Rb5 Kxg7 78. Re5 Rd2+ 79. Kc5 Kf6 80. Re3 Rc2+ 81. Kd4 Be6 82. Rf3+ Bf5 83. Rf1 Rd2+ 84. Kc5 Ke5 85. Rh1 Rc2+ 86. Kb5 Be4 87. Rh5+ Kd4 88. Ka5 Rb2 89. Rg5 Bd5 90. Ka4 Kc5 91. Rg3 Ra2+ 92. Ra3 Rc2 93. Rg3 Bc6+ 94. Kb3 Rf2 95. Rg5+ Bd5+ 96. Kc3 Rf3+ 97. Kc2 Kd4 98. Kb2 Rf2+ 99. Ka3 Bc4 100. Rh5 Ra2+ 101. Kb4 Rb2+ 102. Ka3 Rf2 103. Kb4 Rb2+ 104. Ka3 Rb7 105. Ka4 Kc3 106. Ka5 Bd3 107. Rc5+ Kd4 108. Rh5 Rb1 109. Ka4 Kc4 110. Rh4+ Kc3 111. Ka5 Bc4 112. Rg4 Rb5+ 113. Ka4 Rb6 114. Ka5 Ra6# 0-1


[Site "https://www.chess.com"]

[Event "Titled Tuesday Blitz August 24 2021"]
[White "Kobalia, Mikhail"]
[Black "Harshavardhan G B"]
[WhiteFideId "4119150"]
[BlackFideId "25059009"]
[WhiteElo "2569"]
[BlackElo "1825"]
[Result "0-1"]
[Round "03"]
[TimeControl "180+1"]
[Date "2021.08.24"]
[WhiteClock "0:00:02"]
[BlackClock "0:00:16"]

1. e4 c6 2. Nf3 d5 3. exd5 cxd5 4. Ne5 Nd7 5. d4 Ngf6 6. Bd3 e6 7. Nf3 Bd6 8. O-O O-O 9. Re1 b6 10. Nbd2 Bb7 11. Nf1 Ne4 12. c3 f5 13. N3d2 e5 14. f3 Nxd2 15. Bxd2 e4 16. Bc2 Qh4 17. Qe2 Nf6 18. Qf2 Qh5 19. Ng3 Qg6 20. Ne2 Nh5 21. a4 Kh8 22. f4 Nf6 23. h3 a5 24. Qh4 h6 25. Bd1 Nh5 26. Kh2 Rae8 27. Ng3 Nxg3 28. Qxg3 Qf7 29. h4 Rg8 30. Qh3 g6 31. Be3 Rg7 32. Rf1 Kg8 33. g3 Qe7 34. Be2 Rf8 35. Rf2 Bc8 36. Rg1 g5 37. Rff1 Bd7 38. Bd1 Qe8 39. Kh1 g4 40. Qg2 Bxa4 41. Bxa4 Qxa4 42. Qe2 Rc7 43. Ra1 Qc4 44. Qc2 Ra8 45. Ra4 Qc6 46. Rga1 Rca7 47. c4 Rc8 48. b3 b5 49. Rxa5 Rxa5 50. Rxa5 bxc4 51. bxc4 dxc4 52. Rxf5 c3 53. d5 Qc4 54. Rf6 Qd3 55. Qc1 Bb4 56. Rg6+ Kh7 57. Rc6 Rxc6 58. dxc6 Bd6 59. Kg2 c2 60. Qd2 Bc7 61. Qxd3 exd3 62. Kf1 Kg6 63. Ke1 Kf5 64. Kd2 Ke4 65. Bf2 Ba5+ 66. Kc1 Kd5 67. f5 Kxc6 68. Be3 h5 69. f6 Kd6 0-1


[Site "https://www.chess.com"]

[Event "Titled Tuesday Blitz August 24 2021"]
[White "Kovalev, Vladislav"]
[Black "Boskovic, Drasko"]
[WhiteFideId "13504398"]
[BlackFideId "927368"]
[WhiteElo "2573"]
[BlackElo "2388"]
[Result "1-0"]
[Round "03"]
[TimeControl "180+1"]
[Date "2021.08.24"]
[WhiteClock "0:00:16"]
[BlackClock "0:00:45"]

1. e4 c5 2. Nf3 Nc6 3. Bb5 d6 4. O-O Bd7 5. Re1 Nf6 6. c3 a6 7. Bf1 Bg4 8. h3 Bh5 9. Na3 e6 10. Nc2 Be7 11. d4 cxd4 12. cxd4 d5 13. e5 Ne4 14. Bd3 Bg6 15. Qe2 O-O 16. Bf4 Rc8 17. Rac1 Qa5 18. a3 b5 19. Nh2 f6 20. exf6 Bxf6 21. Be3 b4 22. Ng4 Bh4 23. Bxa6 Rc7 24. Nxb4 Nxb4 25. axb4 Qb6 26. Rxc7 Qxc7 27. Rf1 Bh5 28. Nh6+ gxh6 29. Qxh5 Bxf2+ 30. Bxf2 Nxf2 31. Rxf2 Qc1+ 32. Bf1 Qe3 33. Qe2 Qxd4 34. Qg4+ 1-0


[Site "https://www.chess.com"]